 Dungeon Crawl Stone Soup version 0.25.1-2-g60ff931df9 (webtiles) character file.

Game seed: 1101442896385037303

287 hawla the Conjurer (level 6, -2/45 HPs)
             Began as a Draconian Conjurer on Nov 17, 2020.
             Slain by an iguana (14 damage)
             ... on level 5 of the Dungeon.
             The game lasted 00:11:13 (4004 turns).

hawla the Conjurer (Draconian Conjurer)             Turns: 4004, Time: 00:11:14

Health: -2/45      AC:  6    Str:  7 (10) XL:     6   Next: 8%
Magic:  1/10       EV: 12    Int: 17 (18) God:
Gold:   142        SH:  0    Dex: 10 (11) Spells: 4/11 levels left

rFire    . . .     SeeInvis .   d - +0 dagger (freeze)
rCold    . . .     Gourm    .   (no shield)
rNeg     . . .     Faith    .   (armour unavailable)
rPois    .         Spirit   .   (helmet restricted)
rElec    .         Reflect  .   (no cloak)
rCorr    .         Harm     .   (no gloves)
MR       .....                  (no boots)
Stlth    ++........             (no amulet)
HPRegen  0.15/turn              (no ring)
MPRegen  0.12/turn              (no ring)

@: no status effects
A: unfitting armour, cold-blooded, AC +6
a: no special abilities


You were on level 5 of the Dungeon.
You were hungry.

You visited 1 branch of the dungeon, and saw 5 of its levels.

You collected 142 gold pieces.

Inventory:

Hand Weapons
 d - a +0 dagger of freezing (weapon)
Missiles
 c - 6 boomerangs (quivered)
 g - 4 datura-tipped darts
 m - 7 curare-tipped darts
Scrolls
 h - 2 scrolls of magic mapping
 i - a scroll of teleportation
 j - 2 scrolls of remove curse
Potions
 e - a potion of stabbing {unknown}
Comestibles
 b - 5 rations


   Skills:
 - Level 1.7 Dodging
 - Level 1.7 Stealth
 - Level 3.2 Spellcasting
 + Level 5.1 Conjurations
 + Level 4.1 Translocations


You had 4 spell levels left.
You knew the following spells:

 Your Spells              Type           Power        Failure   Level  Hunger
a - Magic Dart            Conj           ###.         1%          1    None
b - Searing Ray           Conj           ###...       3%          2    ##.....
c - Iskenderun's Mystic   Conj/Tloc      ###.....     26%         4    ####...

Your spell library contained the following spells:

 Spells                   Type           Power        Failure   Level  Hunger
 Dazzling Flash           Conj/Hex       ##....       19%         3    ###....
 Fulminant Prism          Conj/Hex       ##........   52%         4    ####...


Dungeon Overview and Level Annotations

Branches:
Dungeon (5/15)
 Temple: D:4-7

Altars:
Qazlal
Sif Muna
Yredelemnul

Annotations:
D:3 1 runed translucent door, Crazy Yiuf


Innate Abilities, Weirdness & Mutations

Your plain brown scales are hard. (AC +6)
You cannot fit into any form of body armour.
You are cold-blooded and may be slowed by cold attacks.


Message History

You hit the adder.
The adder seems to slow down.
You freeze the adder.
The adder is heavily wounded.
The adder bites you but does no damage. The orc hits you with a +0 whip.
The iguana bites you.
You miss the adder.
The adder is heavily wounded.
The adder is no longer moving slowly.
The adder bites you but does no damage.
The iguana hisses menacingly.
The iguana bites you.
* * * LOW HITPOINT WARNING * * *
The orc closely misses you.
Casting: Magic Dart (safe; 1% risk of failure)
Confirm with . or Enter, or press ? or * to list all spells.
Aiming: Magic Dart (safe; 1% risk of failure)
Press: ? - help, Shift-Dir - straight line, f/p - orc
Aim: an orc, wielding a +0 whip (moderately wounded)
The magic dart hits the orc.
You kill the orc!
The adder bites you but does no damage. The iguana bites you!
You die...

.(...$... #
#.
..........#..
..........#.
.!......#..
..........
.........
......lS#
......)@#
........#
#########


You could see an iguana and an adder.

Vanquished Creatures
  Jessica (D:2)
  A worker ant (D:2)
  Natasha (thrice) (D:2)
  8 gnolls (D:3)
  5 dart slugs
  2 leopard geckos
  8 orcs
  A giant cockroach (D:2)
  9 goblins
  4 hobgoblins
  3 jackals (D:3)
  7 kobolds
  A quokka (D:2)
  9 bats
  A frilled lizard (D:1)
  7 rats
70 creatures vanquished.

Notes
Turn   | Place    | Note
-------+----------+-------------------------------------------
     0 | D:1      | hawla the Draconian Conjurer began the quest for the Orb.
     0 | D:1      | Reached XP level 1. HP: 14/14 MP: 3/3
   324 | D:1      | Reached XP level 2. HP: 17/20 MP: 0/5
   435 | D:1      | Learned a level 2 spell: Searing Ray
  1054 | D:1      | Reached XP level 3. HP: 26/26 MP: 0/7
  1559 | D:2      | Found a faded altar of an unknown god.
  1615 | D:2      | Noticed Natasha
  1781 | D:2      | Killed Natasha
  1847 | D:2      | Found a basalt altar of Yredelemnul.
  1848 | D:2      | Found a shimmering blue altar of Sif Muna.
  1859 | D:2      | Reached skill level 5 in Conjurations
  1859 | D:2      | Reached XP level 4. HP: 33/33 MP: 2/8
  1865 | D:2      | Learned a level 4 spell: Iskenderun's Mystic Blast
  1921 | D:2      | Found a stormy altar of Qazlal.
  1981 | D:2      | Noticed Natasha
  1987 | D:2      | Killed Natasha
  1987 | D:2      | Reached skill level 1 in Translocations
  2210 | D:2      | Noticed Natasha
  2234 | D:2      | Killed Natasha
  2234 | D:2      | Reached XP level 5. HP: 8/38 MP: 6/9
  2549 | D:2      | Noticed Jessica
  2551 | D:2      | Killed Jessica
  3390 | D:3      | Reached XP level 6. HP: 36/45 MP: 1/10
  3863 | D:3      | Found a runed translucent door.
  3864 | D:3      | Noticed Crazy Yiuf
  3995 | D:5      | Entered Level 5 of the Dungeon
  4004 | D:5      | Slain by an iguana

Illustrated notes

Levels and vault maps discovered:
D:1:      co_arrival_random_square_maze, layout_basic
D:2:      layout_rooms, minitemple, chequers_ecumenical_altar_simple_redux,
          uniq_natasha, uniq_jessica
D:3:      layout_rooms, uniq_crazy_yiuf_cottage
D:4:      layout_gridville, gammafunk_temple_overflow_arena, first_ration,
          serial_shops, nicolae_shop_window_shopping, nicolae_ru_awakened_eye
D:5:      minmay_chambers_of_threes, layout_rooms, fedhas_altar_fruit_tree,
          lemuel_coloured_pillars_altar, minmay_strange_pillars,
          minmay_door_square

Skill      XL: |  1  2  3  4  5 |
---------------+----------------+-----
Spellcasting   | 3 |  3.2
Conjurations   | 5 |  5.1
Translocations | 2 4 |  4.1
Dodging        | |  1.7
Stealth        | |  1.7

Action                   |  1- 3 |  4- 6 || total
-------------------------+-------+-------++-------
Melee: Unarmed           |    21 |    16 ||    37
       Tailslap          |     1 |     3 ||     4
       Dagger            |       |    33 ||    33
 Cast: Magic Dart        |    65 |    26 ||    91
       Searing Ray       |     4 |    14 ||    18
       Iskenderun's Myst |       |     4 ||     4
  Use: Scroll            |     2 |     6 ||     8
       Potion            |       |     7 ||     7
  Eat: Chunk             |     2 |     9 ||    11
Armor: Skin              |     8 |    22 ||    30
Dodge: Dodged            |    21 |    82 ||   103
